 Dungeon Crawl Stone Soup version 0.30-a0-385-gfebfb9b408 (webtiles) character file.

Game seed: 12384265387386449992

18522 arthad the Covert (level 12, -1/87 HPs)
             Began as a Gnoll Delver on Dec 3, 2022.
             Was a High Priest of Cheibriados.
             Slain by Snorg (13 damage)
             ... on level 11 of the Dungeon.
             The game lasted 00:30:56 (10147 turns).

arthad the Covert (Gnoll Delver)                   Turns: 10147, Time: 00:30:57

Health: -1/87      AC: 17    Str: 37    XL:     12   Next: 59%
Magic:  16/23      EV: 20    Int: 26    God:    Cheibriados [*****.]
Gold:   1676       SH:  5    Dex: 28    Spells: 14/26 levels left

rFire   . . .      SeeInvis .    F - +2 halberd of True Grit {vamp, rC+}
rCold   + . .      Faith    .    (shield currently unavailable)
rNeg    + . .      Spirit   .    m - +5 ring mail "Wuirint" {Drain rPois rN+ rCorr}
rPois   +          Reflect  +    (no helmet)
rElec   .          Harm     .    C - +2 cloak
rCorr   +          Rampage  .    E - +1 pair of gloves of the Equator {Contam +Inv Int+4 Slay+3}
Will    .....                    (no boots)
Stlth   +++++.....               d - amulet of reflection
HPRegen 0.34/turn                w - +6 ring of strength
MPRegen 0.18/turn                G - +6 ring of strength

@: very slow
A: fangs 1, strong nose, distributed training, agile 1, frail 1, MP-powered
wands
a: Renounce Religion, Evoke Invisibility, Bend Time, Temporal Distortion,
Slouch, Step From Time


You were on level 11 of the Dungeon.
You worshipped Cheibriados.
Cheibriados was extremely pleased with you.
You visited 2 branches of the dungeon, and saw 12 of its levels.
You also visited: Ice Cave.

You collected 1676 gold pieces.

Inventory:

Hand Weapons
 a - a +0 hand axe
 h - a +0 hand axe of electrocution
 n - a +0 battleaxe
 q - a +0 vampiric short sword
 D - a +0 dagger of venom
 F - the +2 halberd of True Grit (weapon) {vamp, rC+}
   (You found it on level 5 of the Dungeon)

   It occasionally heals its wielder for a portion of the damage dealt when it
   wounds a living foe.
   rC:        It protects you from cold.
 P - a +1 broad axe
Missiles
 l - 26 poisoned darts (quivered)
Armour
 b - a +0 leather armour
 m - the +5 ring mail "Wuirint" (worn) {Drain rPois rN+ rCorr}
   (You found it on level 4 of the Dungeon)

   rPois:     It protects you from poison.
   rN:        It protects you from negative energy.
   rCorr:     It protects you from acid and corrosion.
   Drain:     It drains your maximum health when unequipped.
 B - a +2 robe of cold resistance
 C - a +2 cloak (worn)
 E - the +1 pair of gloves of the Equator (worn) {Contam +Inv Int+4 Slay+3}
   (You acquired it in an ice cave)

   Int:       It affects your intelligence (+4).
   Slay:      It affects your accuracy & damage with ranged weapons and melee
   (+3).
   +Inv:      It lets you turn invisible.
   Contam:    It causes magical contamination when unequipped.
 Q - +0 acid dragon scales
Jewellery
 d - an amulet of reflection (around neck)
 w - a +6 ring of strength (left hand)
 x - an amulet of magic regeneration
 G - a +6 ring of strength (right hand)
 R - a ring of protection from fire
Wands
 e - a wand of polymorph (4)
 g - a wand of digging (5)
 p - a wand of flame (23)
 A - a wand of iceblast (2)
 I - a wand of charming (5)
Scrolls
 j - 12 scrolls of identify
 k - 2 scrolls of immolation
 o - a scroll of teleportation
 r - 3 scrolls of torment {unknown}
 s - 3 scrolls of amnesia
 u - 2 scrolls of poison
 y - 5 scrolls of enchant weapon
 J - a scroll of enchant armour
 M - a scroll of brand weapon
Potions
 f - 2 potions of haste
 i - 5 potions of flight
 v - 2 potions of mutation
 K - 2 potions of attraction
 L - a potion of brilliance
 N - a potion of lignification
 U - 3 potions of degeneration
Miscellaneous
 z - a condenser vane


   Skills:
 + Level 10.1 Fighting
 + Level 7.6 Short Blades
 + Level 7.6 Long Blades
 + Level 9.0 Axes
 + Level 7.6 Maces & Flails
 + Level 7.6 Polearms
 + Level 7.6 Staves
 + Level 7.6 Ranged Weapons
 + Level 7.6 Throwing
 + Level 7.6 Armour
 + Level 9.0 Dodging
 + Level 12.1 Stealth
 + Level 7.6 Shields
 + Level 7.6 Unarmed Combat
 + Level 7.6 Spellcasting
 + Level 6.3 Conjurations
 + Level 6.3 Hexes
 + Level 6.3 Summonings
 + Level 6.3 Necromancy
 + Level 6.3 Translocations
 + Level 6.3 Transmutations
 + Level 6.3 Fire Magic
 + Level 6.3 Ice Magic
 + Level 6.3 Air Magic
 + Level 6.3 Earth Magic
 + Level 6.3 Poison Magic
 + Level 8.3 Invocations
 + Level 7.6 Evocations


You had 14 spell levels left.
You knew the following spells:

 Your Spells              Type           Power      Damage    Failure   Level
a - Necrotise             Necr           100%       1d9       1%          1
b - Blink                 Tloc           84%        N/A       1%          2
c - Manifold Assault      Tloc           42%        N/A       5%          4
d - Foxfire               Conj/Fire      100%       2x1d9     1%          1
e - Sticky Flame          Conj/Fire      42%        2d6       5%          4

Your spell library contained the following spells:

 Spells                   Type           Power      Damage    Failure   Level
 Apportation              Tloc           84%        N/A       1%          1
 Beastly Appendage        Tmut           84%        N/A       1%          1
 Summon Small Mammal      Summ           100%       N/A       1%          1
 Ensorcelled Hibernation  Hex/Ice        84%        N/A       1%          2
 Wereblood                Tmut           42%        N/A       1%          2
 Call Canine Familiar     Summ           42%        N/A       1%          3
 Dazzling Flash           Conj/Hex       84%        N/A       1%          3
 Inner Flame              Hex/Fire       42%        N/A       1%          3
 Ozocubu's Armour         Ice            42%        N/A       1%          3
 Spider Form              Tmut/Pois      42%        N/A       1%          3
 Summon Guardian Golem    Hex/Summ       42%        N/A       1%          3
 Anguish                  Hex/Necr       21%        N/A       5%          4
 Flame Wave               Conj/Fire      42%        2d11      5%          4
 Agony                    Necr           42%        N/A       16%         5
 Fireball                 Conj/Fire      21%        3d10      16%         5
 Freezing Cloud           Conj/Ice/Air   21%        6-21      16%         5
 Metabolic Englaciation   Hex/Ice        21%        N/A       16%         5
 Silence                  Hex/Air        21%        N/A       16%         5
 Simulacrum               Ice/Necr       21%        N/A       65%         6
 Starburst                Conj/Fire      21%        6d7       65%         6
 Storm Form               Tmut/Air       21%        N/A       99%         7
 Polar Vortex             Ice            21%        N/A       100%        9


Dungeon Overview and Level Annotations

Branches:
Dungeon (11/15)            Temple (1/1) D:4            Lair (0/5) D:9
  IceCv (visited)
    Orc: D:9-12

Altars:
Ashenzari
Cheibriados
Dithmenos
Elyvilon
Fedhas
Gozag
Hepliaklqana
Kikubaaqudgha
Makhleb
Nemelex Xobeh
Okawaru
Qazlal
Ru
Sif Muna
Trog
Uskayaw
Vehumet
Wu Jian
Xom
Yredelemnul
Zin
The Shining One

Shops:
D:10 (

Annotations:
D:3 3 runed translucent doors, qeuew's ghost, amateur KoHu
D:5 1 runed translucent door, Crazy Yiuf
D:11 Snorg


Innate Abilities, Weirdness & Mutations

You have very sharp teeth.
Your uncanny sense of smell can sniff out nearby items.
Your experience applies equally to all skills.
You are agile. (Dex +4, Str/Int -1)
You are frail. (-10% HP)
You expend magic power (3 MP) to strengthen your wands.


Message History

You block Snorg's attack. Snorg completely misses you. Snorg barely misses you.
Snorg bites you!! Snorg claws you but does no damage. Snorg claws you!
You are too injured to fight recklessly!
You are too injured to fight recklessly!
You are too injured to fight recklessly!
You are too injured to fight recklessly!
You are too injured to fight recklessly!
You are too injured to fight recklessly!
You are too injured to fight recklessly!
You are too injured to fight recklessly!
You are too injured to fight recklessly!
You are too injured to fight recklessly!
You are too injured to fight recklessly!
You are too injured to fight recklessly!
Aiming: Charm
Press: ? - help, Shift-Dir - straight line, f - Snorg
Aim: Snorg (moderately wounded, berserk, chance to affect: 38%)
You feel a surge of power!
Snorg resists with some effort.
Snorg misses you. x2
You block Snorg's attack.
Unknown command.
Aiming: Charm
Press: ? - help, Shift-Dir - straight line, f/p - Snorg
Aim: Snorg (moderately wounded, berserk, chance to affect: 38%)
You feel a surge of power!
Snorg resists with some effort.
Snorg misses you. Snorg closely misses you. Snorg claws you!
* * * LOW HITPOINT WARNING * * *
Snorg misses you. Snorg claws you!
* * * LOW HITPOINT WARNING * * *
Snorg claws you but does no damage.
Unknown command.
Casting: Manifold Assault (dangerous; 5% risk of failure)
Confirm with . or Enter, or press ? or * to list all spells.
You blink.
Okay, then.
As you read the scroll of fog, it crumbles to dust.
The scroll dissolves into smoke.
You feel stable enough to blink again.
You hear a shout!
Snorg bites you!
You die...

#### ###§§# #§§§§#
***** #§@T§# *,,,,
#§.§§# #.... #...§#
#.... #....# #....
#....##########....
#..................
#..................
#.....###..........
#...###...........†


You could see Snorg (berserk).

Vanquished Creatures
  A boulder beetle (D:11)
  A two-headed ogre (D:9)
  Nergalle (D:11)
  An ugly thing (IceCv)
  2 ice statues (IceCv)
  A gargoyle (D:10)
  A freezing wraith (IceCv)
  4 komodo dragons (D:11)
  A troll (D:9)
  2 hornets
  A shadow (D:10)
  4 wyverns (D:9)
  6 wraiths (D:11)
  An unseen horror simulacrum (D:9)
  5 yaks (D:9)
  A basilisk (D:11)
  A steam dragon (D:4)
  2 acid dragons (D:9)
  4 water moccasins
  An orc warrior (D:6)
  A sky beast (D:8)
  An ice beast (D:8)
  2 ogres (D:4)
  A black bear (D:5)
  A phantom (D:4)
  2 centaurs
  2 kobold brigands
  A gnoll sergeant (D:6)
  A bullfrog (D:9)
  2 necrophages
  2 cane toad simulacra (IceCv)
  2 scorpions
  6 wights
  An elephant simulacrum (IceCv)
  6 killer bees (D:8)
  An electric eel (D:9)
  5 howler monkeys
  5 orc priests
  6 hounds
  2 gnoll boudas
  4 iguanas
  7 orc wizards
  A polar bear simulacrum (IceCv)
  A wolf simulacrum (IceCv)
  A killer bee simulacrum (D:9)
  13 gnolls
  12 adders
  A shadow imp (D:7)
  6 white imps
  2 ufetubi (D:9)
  4 worms
  A dart slug (D:4)
  17 orcs
  7 endoplasms
  7 goblins
  7 hobgoblins
  5 quokkas
  4 ball pythons
  6 bats
  4 frilled lizards
  10 kobolds
  4 rats
215 creatures vanquished.

Vanquished Creatures (collateral kills)
  A bullfrog (D:8)
  3 frilled lizards (D:11)
4 creatures vanquished.

Vanquished Creatures (others)
  5 fungi
  17 plants
22 creatures vanquished.

Grand Total: 241 creatures vanquished

Notes
Turn   | Place    | Note
-------+----------+-------------------------------------------
     0 | D:5      | Reached skill level 9 in Stealth
     0 | D:5      | arthad the Gnoll Delver began the quest for the Orb.
     0 | D:5      | Reached XP level 1. HP: 23/23 MP: 1/1
    16 | D:5      | Noticed a necrophage
    24 | D:5      | Noticed a necrophage
    30 | D:5      | Reached XP level 2. HP: 27/29 MP: 2/2
    33 | D:5      | Noticed a black bear
    64 | D:5      | Noticed a scorpion
    76 | D:4      | Found a staircase to the Ecumenical Temple.
    83 | Temple   | Entered the Ecumenical Temple
    85 | Temple   | Killed a necrophage
    86 | Temple   | Reached skill level 1 in Short Blades
    86 | Temple   | Reached skill level 1 in Long Blades
    86 | Temple   | Reached skill level 1 in Maces & Flails
    86 | Temple   | Reached skill level 1 in Polearms
    86 | Temple   | Reached skill level 1 in Staves
    86 | Temple   | Reached skill level 1 in Ranged Weapons
    86 | Temple   | Reached skill level 1 in Throwing
    86 | Temple   | Reached skill level 1 in Armour
    86 | Temple   | Reached skill level 1 in Shields
    86 | Temple   | Reached skill level 1 in Unarmed Combat
    86 | Temple   | Reached skill level 1 in Spellcasting
    86 | Temple   | Reached skill level 1 in Invocations
    86 | Temple   | Reached skill level 1 in Evocations
    86 | Temple   | Reached XP level 3. HP: 21/35 MP: 2/4
    86 | Temple   | Reached XP level 4. HP: 25/41 MP: 2/5
   345 | Temple   | Became a worshipper of Cheibriados the Contemplative
   362 | D:4      | Reached skill level 1 in Conjurations
   362 | D:4      | Reached skill level 1 in Hexes
   362 | D:4      | Reached skill level 1 in Summonings
   362 | D:4      | Reached skill level 1 in Necromancy
   362 | D:4      | Reached skill level 1 in Translocations
   362 | D:4      | Reached skill level 1 in Transmutations
   362 | D:4      | Reached skill level 1 in Fire Magic
   362 | D:4      | Reached skill level 1 in Ice Magic
   362 | D:4      | Reached skill level 1 in Air Magic
   362 | D:4      | Reached skill level 1 in Earth Magic
   362 | D:4      | Reached skill level 1 in Poison Magic
   464 | D:4      | Identified the +5 ring mail "Wuirint" {Drain rPois rN+
                  | rCorr}
   504 | D:4      | Noticed an ogre
   512 | D:4      | Reached XP level 5. HP: 42/47 MP: 5/7
   517 | D:4      | Killed an ogre
   649 | D:4      | Noticed a phantom
   655 | D:4      | Killed a phantom
   656 | D:4      | Reached skill level 5 in Axes
   656 | D:4      | Reached skill level 5 in Dodging
   656 | D:4      | Reached XP level 6. HP: 53/53 MP: 7/9
   913 | D:3      | Reached XP level 7. HP: 60/60 MP: 10/10
  1001 | D:3      | Learned a level 1 spell: Necrotise
  1026 | D:2      | Found an ancient bone altar of Kikubaaqudgha.
  1076 | D:2      | Reached * piety under Cheibriados
  1442 | D:1      | Learned a level 2 spell: Blink
  1447 | D:1      | Learned a level 4 spell: Manifold Assault
  2499 | D:3      | Reached ** piety under Cheibriados
  2756 | D:3      | Found a runed translucent gate.
  2756 | D:3      | Noticed qeuew's ghost (amateur KoHu)
  2757 | D:3      | Found a runed translucent gate.
  2758 | D:3      | Found a runed translucent gate.
  2775 | D:3      | Found a radiant altar of Vehumet.
  2854 | D:3      | Found a faded altar of an unknown god.
  2854 | D:3      | Noticed a ynoxinul
  3237 | D:4      | Noticed a steam dragon
  3248 | D:4      | Killed a steam dragon
  3249 | D:4      | Reached skill level 10 in Stealth
  3547 | D:5      | Identified the +2 halberd of True Grit {vamp, rC+}
  3584 | D:5      | Reached XP level 8. HP: 47/67 MP: 12/12
  3748 | D:5      | Reached *** piety under Cheibriados
  4118 | D:5      | Found a runed translucent door.
  4119 | D:5      | Noticed Crazy Yiuf
  4360 | D:6      | Gained mutation: You are agile. (Dex +4, Str/Int -1)
                  | [potion of mutation]
  4360 | D:6      | Gained mutation: You are frail. (-10% HP) [potion of
                  | mutation]
  4360 | D:6      | Gained mutation: You expend magic power (3 MP) to
                  | strengthen your wands. [potion of mutation]
  4910 | D:6      | Found an iron altar of Okawaru.
  5077 | D:7      | Reached XP level 9. HP: 63/65 MP: 14/14
  5228 | D:7      | Reached **** piety under Cheibriados
  5405 | D:7      | Noticed a hornet
  5408 | D:7      | Killed a hornet
  5747 | D:7      | Found a burning altar of Makhleb.
  5791 | D:7      | Found a white marble altar of Elyvilon.
  5929 | D:8      | Reached skill level 5 in Invocations
  5931 | D:8      | Reached ***** piety under Cheibriados
  6012 | D:8      | Found a stormy altar of Qazlal.
  6142 | D:8      | Found an opulent altar of Gozag.
  6761 | D:9      | Reached skill level 5 in Short Blades
  6761 | D:9      | Reached skill level 5 in Long Blades
  6761 | D:9      | Reached skill level 5 in Maces & Flails
  6761 | D:9      | Reached skill level 5 in Polearms
  6761 | D:9      | Reached skill level 5 in Staves
  6761 | D:9      | Reached skill level 5 in Ranged Weapons
  6761 | D:9      | Reached skill level 5 in Throwing
  6761 | D:9      | Reached skill level 5 in Armour
  6761 | D:9      | Reached skill level 5 in Shields
  6761 | D:9      | Reached skill level 5 in Unarmed Combat
  6761 | D:9      | Reached skill level 5 in Spellcasting
  6761 | D:9      | Reached skill level 5 in Evocations
  6761 | D:9      | Reached XP level 10. HP: 72/72 MP: 17/17
  6783 | D:9      | Noticed a two-headed ogre
  6797 | D:9      | Killed a two-headed ogre
  7251 | D:9      | Reached skill level 11 in Stealth
  7281 | D:9      | Found a staircase to the Lair.
  7897 | D:10     | Entered Level 10 of the Dungeon
  7897 | D:10     | Noticed a gargoyle
  7901 | D:10     | Killed a gargoyle
  7902 | D:10     | Reached skill level 5 in Conjurations
  7902 | D:10     | Reached skill level 5 in Hexes
  7902 | D:10     | Reached skill level 5 in Summonings
  7902 | D:10     | Reached skill level 5 in Necromancy
  7902 | D:10     | Reached skill level 5 in Translocations
  7902 | D:10     | Reached skill level 5 in Transmutations
  7902 | D:10     | Reached skill level 5 in Fire Magic
  7902 | D:10     | Reached skill level 5 in Ice Magic
  7902 | D:10     | Reached skill level 5 in Air Magic
  7902 | D:10     | Reached skill level 5 in Earth Magic
  7902 | D:10     | Reached skill level 5 in Poison Magic
  7902 | D:10     | Reached XP level 11. HP: 56/80 MP: 18/20
  8005 | D:10     | Found Vuricoy's Weapon Boutique.
  8768 | D:11     | Found a frozen archway.
  8777 | IceCv    | Entered an ice cave
  8777 | IceCv    | Noticed a white ugly thing
  8804 | IceCv    | Reached XP level 12. HP: 24/87 MP: 10/22
  8991 | IceCv    | Found a transporter.
  8998 | IceCv    | Found a transporter.
  9014 | IceCv    | Identified 2 scrolls of acquirement
  9026 | IceCv    | Acquired 1037 gold pieces
  9028 | IceCv    | Acquired the +1 pair of gloves of the Equator {Contam +Inv
                  | Int+4 Slay+3}
  9038 | IceCv    | Learned a level 1 spell: Foxfire
  9043 | IceCv    | Learned a level 4 spell: Sticky Flame
  9075 | IceCv    | HP: 2/87 [ice beast[an ice statue] (3)]
  9344 | IceCv    | Reached skill level 12 in Stealth
  9710 | D:11     | Noticed a boulder beetle
  9731 | D:11     | Killed a boulder beetle
  9947 | D:11     | Noticed Nergalle
  9956 | D:11     | Killed Nergalle
  9957 | D:11     | Reached skill level 10 in Fighting
 10136 | D:11     | Noticed Snorg
 10147 | D:11     | Slain by Snorg

Illustrated notes

Levels and vault maps discovered:
D:1:      wander_arrival_peaceful_grave, layout_loops_corners,
          minmay_tree_intersection, minivault_14
D:2:      layout_loops_cross, basic_altar
D:3:      layout_rooms, nicolae_vehumet_altar_sigil,
          gammafunk_ghost_nasty_kobolds,
          dreamdust_ecumenical_altar_sealed_demon, minivault_25, minivault_19
D:4:      layout_basic, minmay_temple_entry_stoned_glass
D:5:      layout_cave_pools, minmay_bent, uniq_crazy_yiuf_cottage
D:6:      layout_basic, kennysheep_okawaru_gauntlet,
          chequers_serial_rivers_micro_b
D:7:      layout_gridville, general_overflow_altar, lightli_temple_of_fire,
          minivault_24
D:8:      layout_basic, mainiacjoe_overflow_six_doors_small,
          nicolae_qazlal_general_emergency
D:9:      layout_long_grid, minmay_lair_entry_grove, serial_ice, serial_ice_l,
          serial_ice_n, serial_ice_o, serial_ice_a,
          amcnicky_mini_rare_corridor_liquid, dk_noncrumbling_2
D:10:     layout_roguey, serial_shops, nicolae_shop_bloodbath_and_beyond
D:11:     layout_irregular_city, portal_ice_cave_entry_pillars_2,
          minmay_lizard_king, uniq_snorg, uniq_nergalle
Temple:   eino_temple_scatter_basement

Skill      XL: |  1  2  3  4  5  6  7  8  9 10 11 12 |
---------------+-------------------------------------+-----
Stealth        | 10 11 12 | 12.1
Short Blades   | 1 2 3 5 6 7 |  7.6
Long Blades    | 1 2 3 5 6 7 |  7.6
Maces & Flails | 1 2 3 5 6 7 |  7.6
Polearms       | 1 2 3 5 6 7 |  7.6
Staves         | 1 2 3 5 6 7 |  7.6
Ranged Weapons | 1 2 3 5 6 7 |  7.6
Throwing       | 1 2 3 5 6 7 |  7.6
Armour         | 1 2 3 5 6 7 |  7.6
Shields        | 1 2 3 5 6 7 |  7.6
Unarmed Combat | 1 2 3 5 6 7 |  7.6
Spellcasting   | 1 2 3 5 6 7 |  7.6
Invocations    | 1 2 3 4 5 6 7 8 |  8.3
Evocations     | 1 2 3 5 6 7 |  7.6
Conjurations   | 1 2 3 4 5 6 |  6.3
Hexes          | 1 2 3 4 5 6 |  6.3
Summonings     | 1 2 3 4 5 6 |  6.3
Necromancy     | 1 2 3 4 5 6 |  6.3
Translocations | 1 2 3 4 5 6 |  6.3
Transmutations | 1 2 3 4 5 6 |  6.3
Fire Magic     | 1 2 3 4 5 6 |  6.3
Ice Magic      | 1 2 3 4 5 6 |  6.3
Air Magic      | 1 2 3 4 5 6 |  6.3
Earth Magic    | 1 2 3 4 5 6 |  6.3
Poison Magic   | 1 2 3 4 5 6 |  6.3
Axes           | 5 6 7 8 9 |  9.0
Dodging        | 5 6 7 8 9 |  9.0
Fighting       | 7 8 9 10 | 10.1

Action                   |  1- 3 |  4- 6 |  7- 9 | 10-12 || total
-------------------------+-------+-------+-------+-------++-------
Melee: Hand axe          |     7 |    60 |   199 |       ||   266
       Bite              |       |     4 |    32 |    48 ||    84
       Punch             |       |     1 |     4 |       ||     5
       Halberd           |       |       |   158 |   258 ||   416
Throw: Dart              |       |       |       |     2 ||     2
 Cast: Blink             |       |       |       |     2 ||     2
Invok: Slouch            |       |       |       |     2 ||     2
       Step From Time    |       |       |       |     1 ||     1
Evoke: Wand              |       |       |     1 |     5 ||     6
  Use: Scroll            |     2 |       |     7 |    13 ||    22
       Potion            |       |       |     8 |    10 ||    18
 Stab: Sleeping          |       |     8 |    36 |    11 ||    55
       Distracted        |       |       |     1 |       ||     1
Armor: Leather armour    |     6 |       |       |       ||     6
       Ring mail         |       |    17 |   132 |   110 ||   259
       Skin              |       |       |    22 |       ||    22
Dodge: Dodged            |    19 |    33 |   353 |   362 ||   767
Block: Other             |       |       |       |    52 ||    52

Table legend: (Time is in decaauts)
 A = Elapsed time spent in this place.
 B = Non-inter-level travel time spent in this place.
 C = Inter-level travel time spent in this place.
 D = Time resting spent in this place.
 E = Time spent auto-exploring this place.
 F = Levels seen in this place.
 G = Mean time per level.
                   A        B        C        D        E       F      G
               +--------+--------+--------+--------+--------+-----+--------+
         Total |  14661 |  14075 |    586 |   1298 |  10249 |  13 | 1127.8 |
       Dungeon |  13561 |  13011 |    550 |    711 |  10042 |  11 | 1232.8 |
        Temple |    279 |    243 |     36 |      0 |    205 |   1 |  279.0 |
      Ice Cave |    821 |    821 |      0 |    587 |      1 |   1 |  821.0 |
               +--------+--------+--------+--------+--------+-----+--------+

Top non-repeatable levels by time:
     D:9: 1775 daAuts
     D:8: 1579 daAuts
     D:4: 1336 daAuts
     D:7: 1288 daAuts
     D:6: 1274 daAuts
    D:10: 1272 daAuts
     D:1: 1226 daAuts
     D:5: 1157 daAuts
    D:11: 1024 daAuts
     D:3: 838 daAuts
   IceCv: 821 daAuts
     D:2: 788 daAuts
  Temple: 279 daAuts
